 Dungeon Crawl Stone Soup version 0.16.2-12-gd0ad4c3 (webtiles) character file.

1136 hannobal the Slasher (level 8, -7/50 HPs)
             Began as a High Elf Skald on Oct 19, 2015.
             Was a Believer of Nemelex Xobeh.
             Mangled by an ice beast (8 damage)
             ... on level 6 of the Dungeon on Oct 20, 2015.
             The game lasted 00:37:12 (9355 turns).

hannobal the Slasher (High Elf Skald)               Turns: 9355, Time: 00:37:12

Health: -7/50      AC:  4    Str: 13    XL:     8   Next: 14%
Magic:  18/21      EV: 13    Int: 15    God:    Nemelex Xobeh [**....]
Gold:   272        SH:  0    Dex: 20    Spells: 4 memorised, 7 levels left

rFire  . . .     SeeInvis .     a - +1 short sword (venom)
rCold  . . .     Clarity  .     m - +0 leather armour
rNeg   . . .     SustAb   .     (no shield)
rPois  .         Gourm    +     (no helmet)
rElec  .         Spirit   .     J - +0 cloak
rCorr  .         Warding  .     (no gloves)
rMut   .         Stasis   .     (no boots)
MR     .....                    q - amulet of the gourmand
Stlth  ++........               (no ring)
                                (no ring)

@: infused, very slightly contaminated, not resistant to hostile enchantments,
unstealthy
A: thin skeletal structure 1, agile 1, screaming 1
a: Renounce Religion


You were on level 6 of the Dungeon.
You worshipped Nemelex Xobeh.
Nemelex Xobeh was pleased with you.
You were full.

You visited 2 branches of the dungeon, and saw 7 of its levels.

You collected 328 gold pieces.

Inventory:

Hand weapons
 a - a +1 short sword of venom (weapon)
 b - a +0 shortbow
 n - a cursed +0 trident
 t - a +3 quarterstaff
 w - a +1 falchion of holy wrath
 D - a +0 hunting sling
 I - a +0 long sword
Missiles
 e - 23 arrows
 g - 236 stones (quivered)
 j - 32 bolts
 o - 27 sling bullets
 v - 4 needles of sleeping
 A - 7 poisoned arrows
 G - 2 throwing nets
 K - 12 silver bolts
Armour
 m - a +0 leather armour (worn)
 J - a +0 cloak (worn)
Magical staves
 l - a cursed staff of summoning
Jewellery
 q - an amulet of the gourmand (around neck)
 s - an uncursed amulet of rage
Magical devices
 x - a wand of flame (1)
Scrolls
 f - a scroll of teleportation
 i - 2 scrolls of identify
 k - 2 scrolls of remove curse
 z - 2 scrolls of amnesia
Potions
 h - a potion of might
 y - a potion of agility
 E - a potion of flight
 H - a potion of restore abilities
Books
 c - a book of Battle

   Spells                             Type                      Level
   a - Infusion                       Charms                       1
   b - Shroud of Golubria             Charms/Translocation         2
   c - Song of Slaying                Charms                       2
   d - Spectral Weapon                Hexes/Charms                 3
   e - Regeneration                   Charms/Necromancy            3
 F - a book of Power

   Spells                             Type                      Level
   a - Fulminant Prism                Conjuration/Hexes            4
   b - Iskenderun's Mystic Blast      Conjuration                  4
   c - Venom Bolt                     Conjuration/Poison           5
   d - Bolt of Magma                  Conjuration/Fire/Earth       5
   e - Iron Shot                      Conjuration/Earth            6
   f - Orb of Destruction             Conjuration                  7
   g - Spellforged Servitor           Conjuration/Summoning        7
Miscellaneous
 u - a plain deck of escape {drawn: 2}
 B - a plain deck of escape
Comestibles
 d - 6 bread rations {@e1}
 p - 3 meat rations {@e2}
 C - a beef jerky


   Skills:
 - Level 2.0 Fighting
 - Level 7.0 Long Blades
 + Level 3.6 Bows
 - Level 1.0 Throwing
 - Level 1.4 Armour
 - Level 3.1 Dodging
 - Level 4.1 Spellcasting
 - Level 3.1 Hexes
 - Level 5.0 Charms
 - Level 1.0 Translocations
 - Level 3.1 Evocations


You had 7 spell levels left.
You knew the following spells:

 Your Spells              Type           Power        Failure   Level  Hunger
a - Infusion              Chrm           ###...       2%          1    None
b - Song of Slaying       Chrm           ###.....     4%          2    ##.....
c - Shroud of Golubria    Chrm/Tloc      ##........   12%         2    ##.....
z - Spectral Weapon       Hex/Chrm       ###.....     14%         3    ###....


Dungeon Overview and Level Annotations

Branches:
Dungeon (6/15)             Temple (1/1) D:4

Altars:
Ashenzari
Cheibriados
Elyvilon
Fedhas
Nemelex Xobeh
Okawaru
Sif Muna
Yredelemnul
The Shining One


Innate Abilities, Weirdness & Mutations

You have a somewhat thin skeletal structure (Dex +2, Stealth).
You are agile. (Dex +2)
You occasionally shout uncontrollably at your foes.


Message History

Your spectral weapon fades away.
The ice beast hits you but does no damage.
Evoke which item? (* to show all) (? for menu, Esc to quit)
You don't have any such object.
Evoke which item? (* to show all) (? for menu, Esc to quit)
Okay, then.
Evoke which item? (* to show all) (? for menu, Esc to quit)
You draw a card...
It is the Cloud.
Clouds appear around you! The ice beast barely misses you.
Evoke which item? (* to show all) (? for menu, Esc to quit)
You draw a card...
It is the Cloud.
Nothing appears to happen.
The ice beast hits you.
* * * LOW HITPOINT WARNING * * *
The ice beast freezes you.
* * * LOW HITPOINT WARNING * * *
The ice beast hits you.
* * * LOW HITPOINT WARNING * * *
The ice beast freezes you!
You die...
Your body glows slightly and disappears.

.##.#.#..#####
#.###.......#.
.##.####.# #.#
#.......#. .##....#.#
#.# #.......#.
.#####†#.# #.#
#.......## ..#....#.#
#.# #.....###
.##.####.# #.# #######
.#..#.#..# #.#
.#..#.#.## ########§#
##....#.#####...@Y..§#
...>..........########
############### #


You could see an ice beast.

Vanquished Creatures
  2 ice beasts
  An ogre (D:4)
  A centaur (D:6)
  The ghost of Britaniac the Firebug, an average HEFE (D:4)
  A giant frog (D:4)
  A scorpion (D:4)
  A hound (D:6)
  A jelly (D:6)
  A giant frog skeleton (D:5)
  2 orc priests
  3 iguanas
  An orc wizard (D:4)
  2 worker ants
  Ijyb (D:6)
  A hound zombie (D:5)
  Terence (D:3)
  7 adders
  4 gnolls (D:5)
  2 shadow imps
  3 giant mites
  2 adder skeletons
  3 giant geckos
  13 orcs
  A ball python (D:1)
  8 bats
  A bat skeleton (D:5)
  2 giant cockroaches
  5 goblins
  9 hobgoblins
  8 jackals
  An ooze (D:1)
  5 quokkas
  5 giant newts
  A jackal skeleton (D:4)
  17 kobolds
  8 rats
126 creatures vanquished.

Notes
Turn   | Place    | Note
--------------------------------------------------------------
     0 | D:1      | hannobal, the High Elf Skald, began the quest for the Orb.
     0 | D:1      | Reached XP level 1. HP: 14/14 MP: 4/4
   198 | D:1      | Reached XP level 2. HP: 19/19 MP: 1/6
   202 | D:1      | Learned a level 2 spell: Song of Slaying
   205 | D:1      | Learned a level 2 spell: Shroud of Golubria
   974 | D:2      | Reached skill level 1 in Translocations
   983 | D:2      | Gained mutation: You are agile. (Dex +2) [potion of mutation]
   983 | D:2      | Gained mutation: You occasionally shout uncontrollably at your foes. [potion of mutation]
   983 | D:2      | Gained mutation: You have a somewhat thin skeletal structure (Dex +2, Stealth). [potion of mutation]
  1037 | D:2      | Reached skill level 1 in Armour
  1037 | D:2      | Reached XP level 3. HP: 20/24 MP: 0/8
  1163 | D:2      | Reached skill level 4 in Long Blades
  1333 | D:2      | Reached XP level 4. HP: 29/29 MP: 11/11
  2025 | D:2      | Reached skill level 5 in Long Blades
  2381 | D:3      | Noticed Terence
  2506 | D:3      | Killed Terence
  2698 | D:3      | Found a white marble altar of Elyvilon.
  2771 | D:3      | Found a sparkling altar of Nemelex Xobeh.
  2771 | D:3      | Found a snail-covered altar of Cheibriados.
  2775 | D:3      | Became a worshipper of Nemelex Xobeh the Trickster
  3059 | D:3      | Received a gift from Nemelex Xobeh
  3126 | D:3      | Reached skill level 1 in Evocations
  3126 | D:3      | Reached XP level 5. HP: 25/34 MP: 9/12
  3253 | D:3      | Found a glowing golden altar of the Shining One.
  4195 | D:4      | Noticed Britaniac's ghost (average HEFE)
  4366 | D:4      | Killed Britaniac's ghost
  4366 | D:4      | Reached skill level 6 in Long Blades
  4397 | D:4      | Found a deep blue altar of Sif Muna.
  4398 | D:4      | Found an iron altar of Okawaru.
  4524 | D:4      | Found a blossoming altar of Fedhas.
  4768 | D:4      | Reached XP level 6. HP: 39/39 MP: 8/15
  4834 | D:4      | Received a gift from Nemelex Xobeh
  5237 | D:4      | Found a staircase to the Ecumenical Temple.
  5241 | Temple   | Entered the Ecumenical Temple
  5757 | D:4      | Reached skill level 1 in Throwing
  5762 | D:4      | Learned a level 3 spell: Spectral Weapon
  5780 | D:5      | Entered Level 5 of the Dungeon
  5874 | D:4      | Reached XP level 7. HP: 8/45 MP: 14/17
  6443 | D:5      | Received a gift from Nemelex Xobeh
  6510 | D:5      | Found a white marble altar of Elyvilon.
  6838 | D:5      | Found a basalt altar of Yredelemnul.
  6849 | D:5      | Reached skill level 7 in Long Blades
  7742 | D:5      | Reached skill level 5 in Charms
  8234 | D:6      | Reached skill level 1 in Bows
  8244 | D:6      | Reached XP level 8. HP: 32/50 MP: 4/20
  8385 | D:6      | Noticed Ijyb
  8399 | D:6      | Killed Ijyb
  8610 | D:6      | Found a shattered altar of Ashenzari.
  9353 | D:6      | HP: 2/50 [ice beast (6)]
  9355 | D:6      | Mangled by an ice beast

Action                   |  1- 3 |  4- 6 |  7- 9 || total
-------------------------+-------+-------+-------++-------
Melee: Falchion          |    82 |   166 |    22 ||   270
       Short sword       |       |     8 |    86 ||    94
 Fire: Hunting sling     |     6 |    26 |    39 ||    71
       Shortbow          |       |       |    24 ||    24
Throw: Stone             |     2 |     3 |     7 ||    12
 Cast: Infusion          |    12 |    22 |    16 ||    50
       Shroud of Golubri |     6 |    17 |    10 ||    33
       Spectral Weapon   |       |       |    23 ||    23
Evoke: Deck              |       |     5 |     6 ||    11
       Wand              |       |       |    15 ||    15
  Use: Scroll            |     5 |     4 |     5 ||    14
       Potion            |     1 |     3 |     3 ||     7
 Stab: Sleeping          |       |     2 |     1 ||     3
  Eat: Chunk             |     2 |    17 |    15 ||    34
       Royal jelly       |       |     1 |       ||     1
       Pizza             |       |     1 |       ||     1
       Fruit             |       |     2 |       ||     2
